 Dungeon Crawl Stone Soup version 0.31-a0-1112-ga3593d9213 (webtiles) character file.

Game seed: 6586051413134543879

2731 Silenceoftheyaks the Mimic (level 9, 0/59 HPs)
             Began as a Demonspawn Shapeshifter on Dec 4, 2023.
             Was a High Priest of Uskayaw.
             Succumbed to a gnoll's poison
             ... on level 7 of the Dungeon.
             The game lasted 00:13:04 (6390 turns).

Silenceoftheyaks the Mimic (DsSh)                   Turns: 6390, Time: 00:13:04

Health: 0/59       AC: 10    Str: 11 (14) XL:     9   Next: 40%
Magic:  9/9        EV:  9    Int:  9 (12) God:    Uskayaw [*****.]
Gold:   342        SH:  0    Dex: 14 (16) Spells: 8/8 levels left

rFire   . .          .
                       - Unarmed
rCold   + . .        (no shield)
rNeg    . . .        b - +1 scale mail {rC+}
rPois   +            (helmet currently unavailable)
rElec   .            (cloak currently unavailable)
rCorr   .            (gloves currently unavailable)
SInv    +            (boots unavailable)
Will    .....        (no amulet) Stlth
                     j - ring of poison resistance
HPRegen 0.29/turn    y - ring of see invisible
MPRegen 0.11/turn

%: no passive effects
@: lethally poisoned (0 -> -1), beast-form, on berserk cooldown, slowed, very
slow
A: beast (slay +4), hooves 3, thin metallic scales 2, ignite blood 1
a: Begin Untransformation, Renounce Religion, Stomp, Line Pass, Grand Finale


You were on level 7 of the Dungeon.
You worshipped Uskayaw.
Uskayaw was noncommittal.
You were a hulking beast.
You visited 1 branch of the dungeon, and saw 7 of its levels.

You collected 342 gold pieces.

Inventory:

Missiles
 t - 4 datura-tipped darts
Armour
 a - a +0 animal skin
 b - a +1 scale mail of cold resistance (worn)
 o - a +0 helmet
 v - a +0 cloak
Jewellery
 j - a ring of poison resistance (left hand)
 l - a ring of fire
 m - an amulet of magic regeneration
 r - a ring of flight
 y - a ring of see invisible (right hand)
 C - a ring of fire
Talismans
 c - a beast talisman
 d - a flux talisman
 f - a serpent talisman
Wands
 g - a wand of mindburst (4)
 x - a wand of flame (20)
 B - a wand of iceblast (4)
 D - a wand of paralysis (8)
Scrolls
 i - a scroll of noise
 s - a scroll of teleportation
 u - a scroll of enchant weapon
 z - a scroll of vulnerability
 A - a scroll of revelation
Potions
 h - a potion of degeneration
 n - a potion of attraction
 q - 2 potions of enlightenment
 w - a potion of lignification


   Skills:
 - Level 1.0 Fighting
 - Level 2.2 Throwing
 - Level 1.7 Dodging
 - Level 6.0 Unarmed Combat
 + Level 3.5 Evocations
 * Level 9.3 Shapeshifting


You had 8 spell levels left.
You didn't know any spells.
Your spell library contained the following spells:

 Spells                   Type           Power      Damage    Failure   Level
 Foxfire                  Conj/Fire      0%         2x1d4     95%         1
 Sting                    Tmut/Pois      0%         1d3       95%         1
 Ensorcelled Hibernation  Hex/Ice        0%         N/A       98%         2
 Passwall                 Tmut/Erth      0%         N/A       98%         2
 Poisonous Vapours        Pois/Air       0%         N/A       98%         2
 Wereblood                Tmut           0%         N/A       98%         2
 Inner Flame              Hex/Fire       0%         N/A       100%        3
 Stone Arrow              Conj/Erth      0%         3d7       100%        3
 Swiftness                Air            0%         N/A       100%        3
 Animate Armour           Summ/Erth      0%         N/A       100%        4
 Olgreb's Toxic Radiance  Pois           0%         N/A       100%        4
 Irradiate                Conj/Tmut      0%         3d11      100%        5
 Yara's Violent Unravell  Hex/Tmut       0%         3d3       100%        5
 Plasma Beam              Fire/Air       0%         2x1d10    100%        6
 Starburst                Conj/Fire      0%         6d3       100%        6
 Enfeeble                 Hex            0%         N/A       100%        7
 Lehudib's Crystal Spear  Conj/Erth      0%         10d2      100%        8


Dungeon Overview and Level Annotations

Branches:
Dungeon (7/15)             Temple (0/1) D:4

Altars:
Qazlal
Sif Muna
Uskayaw
Vehumet

Shops:
D:5 *

Annotations:
D:3 2 transporters, pzskc383's ghost, weakling GrFi
D:5 tish's ghost, novice OpCj


Innate Abilities, Weirdness & Mutations

You are a hulking beast.
Your limbs bulge with bestial killing power. (Slay +4)
You have hooves in place of feet.
You are mostly covered in thin metallic scales. (AC +3)
Your demonic aura sometimes causes spilled blood to erupt in flames.


Message History

You feel yourself moving faster!
You feel mighty!
You feel very sick.
The killer bee stings you but does no damage.
The gnoll hits you but does no damage. x2
The killer bee stings you but does no damage.
You pummel the killer bee!!
You kill the killer bee!
You feel sick. The gnoll hits you but does no damage.
The gnoll barely misses you.
You cannot move.
You cannot move.
You cannot move.
You feel sick. The gnoll hits you but does no damage.
The gnoll completely misses you.
You feel a strong urge to attack something.
You feel sick.
You feel less wooden.
Your +1 scale mail of cold resistance unmelds from your body.
You feel resistant to cold.
You turn into a hulking beast.
You feel sick. The gnoll barely misses you.
The gnoll hits you from afar with a +0 halberd of venom.
* * * LOW HITPOINT WARNING * * *
Uskayaw prepares the audience for your solo!
You are too berserk!
You feel your anger nearly subside.
You are no longer berserk.
You are exhausted.
You feel yourself slow down.
* * * LOW HITPOINT WARNING * * *
You feel sick.
* * * LOW HITPOINT WARNING * * *
You feel sick.
The gnoll is no longer paralysed.
* * * LOW HITPOINT WARNING * * *
You feel sick.
Okay, then.
Okay, then.
Okay, then.
Blink to where?
Press: ? - help, Dir - move target
As you read the scroll of blinking, it crumbles to dust.
You die...

#......###)..........#
#....§....†..........#
#.....##.............#
#.....##.............#
........................
.....##...###...........
.#...###...#...........#
##...........#####.####
.......h....# ..#
..#...........# ##
##..........#
#........o..
##....##..o. ....o. ....
....... ### ....#....


You could see an orc priest (wandering), an orc wizard (wandering) and an orc
(wandering).

Vanquished Creatures
  The ghost of topfpfpflanze the Insei, a novice OpFi (D:4)
  The ghost of Bizboz the Magician, a novice DjAE of Qazlal (D:5)
  An orc warrior (D:6)
  A black bear (D:6)
  The ghost of Fildev the Ruffian, an amateur TrSh of Okawaru (D:4)
  3 centaurs
  An ogre (D:7)
  A phantom (D:5)
  2 bullfrogs
  2 scorpions
  3 wights (D:5)
  6 killer bees (D:7)
  A gnoll bouda (D:5)
  2 jellies (D:6)
  2 hounds
  2 orc priests (D:6)
  Terence (D:3)
  Jessica (D:3)
  3 iguanas
  Ijyb (D:4)
  5 orc wizards
  8 gnolls
  5 adders
  A shadow imp (D:5)
  2 dart slugs
  21 orcs
  3 ball pythons
  6 bats
  9 endoplasms
  A giant cockroach (D:3)
  8 goblins
  7 hobgoblins
  7 kobolds
  3 quokkas
  4 frilled lizards
  7 rats
133 creatures vanquished.

Notes
Turn   | Place    | Note
-------+----------+-------------------------------------------
     0 | D:1      | Silenceoftheyaks the Demonspawn Shapeshifter began the
                  | quest for the Orb.
     0 | D:1      | Reached XP level 1. HP: 15/15 MP: 1/1
   217 | D:1      | Gained mutation: You are partially covered in thin metallic
                  | scales. (AC +2) [demonic ancestry]
   217 | D:1      | Reached XP level 2. HP: 21/21 MP: 2/2
   990 | D:2      | Gained mutation: Your demonic aura sometimes causes spilled
                  | blood to erupt in flames. [demonic ancestry]
   990 | D:2      | Reached XP level 3. HP: 14/26 MP: 3/3
  1442 | D:2      | Found a hide-covered altar of Uskayaw.
  1751 | D:2      | Became a worshipper of Uskayaw the Reveller
  1810 | D:3      | Noticed Jessica
  1817 | D:3      | Reached * piety under Uskayaw
  1819 | D:3      | Reached ** piety under Uskayaw
  1821 | D:3      | Killed Jessica
  1839 | D:3      | Found a stormy altar of Qazlal.
  1855 | D:3      | Gained mutation: You have large cloven feet. [demonic
                  | ancestry]
  1855 | D:3      | Reached XP level 4. HP: 32/32 MP: 4/4
  1962 | D:3      | Found a transporter.
  1962 | D:3      | Noticed pzskc383's ghost (weakling GrFi)
  1962 | D:3      | Noticed a bullfrog
  1963 | D:3      | Found a transporter.
  2025 | D:3      | Noticed Terence
  2102 | D:3      | Killed Terence
  2103 | D:3      | Reached skill level 5 in Unarmed Combat
  2258 | D:3      | Reached *** piety under Uskayaw
  2262 | D:3      | Reached **** piety under Uskayaw
  2265 | D:3      | Gained mutation: You are mostly covered in thin metallic
                  | scales. (AC +3) [demonic ancestry]
  2265 | D:3      | Reached XP level 5. HP: 27/37 MP: 5/5
  2668 | D:4      | Noticed Ijyb
  2679 | D:4      | Killed Ijyb
  2699 | D:4      | Found a staircase to the Ecumenical Temple.
  3374 | D:5      | Entered Level 5 of the Dungeon
  3416 | D:5      | Noticed a phantom
  3434 | D:5      | Killed a phantom
  3435 | D:5      | Reached skill level 3 in Shapeshifting
  3435 | D:5      | Gained mutation: You have hoof-like feet. [demonic
                  | ancestry]
  3435 | D:5      | Reached XP level 6. HP: 38/43 MP: 6/6
  3487 | D:5      | Reached skill level 1 in Throwing
  3672 | D:5      | Found a runed translucent gate.
  3672 | D:5      | Found a runed translucent gate.
  3672 | D:5      | Found a runed translucent gate.
  3674 | D:5      | Noticed Fildev's ghost (amateur TrSh)
  3674 | D:5      | Noticed tish's ghost (novice OpCj)
  3675 | D:5      | Noticed topfpfpflanze's ghost (novice OpFi)
  3676 | D:5      | Noticed Bizboz's ghost (novice DjAE)
  3851 | D:5      | Found Harewush's Neck Hole.
  3887 | D:5      | Found a radiant altar of Vehumet.
  3899 | D:5      | Reached skill level 4 in Shapeshifting
  3922 | D:5      | Gained mutation: You have hooves in place of feet. [demonic
                  | ancestry]
  3922 | D:5      | Reached XP level 7. HP: 16/48 MP: 7/7
  4299 | D:5      | Reached skill level 5 in Shapeshifting
  4644 | D:4      | Killed Fildev's ghost
  4645 | D:4      | Reached skill level 6 in Shapeshifting
  4814 | D:4      | Killed topfpfpflanze's ghost
  4815 | D:4      | Reached skill level 7 in Shapeshifting
  4815 | D:4      | Reached XP level 8. HP: 28/54 MP: 8/8
  4920 | D:5      | Killed Bizboz's ghost
  4921 | D:5      | Reached skill level 8 in Shapeshifting
  5339 | D:6      | Reached skill level 1 in Evocations
  5498 | D:6      | Found a shimmering blue altar of Sif Muna.
  5514 | D:6      | Reached XP level 9. HP: 58/59 MP: 9/9
  6341 | D:7      | Reached skill level 9 in Shapeshifting
  6363 | D:7      | Reached ***** piety under Uskayaw
  6388 | D:7      | HP: 2/59 [poisoned by a gnoll]
  6390 | D:7      | Succumbed to a gnoll's poison

Illustrated notes

Levels and vault maps discovered:
D:1:      heliophobic_arrival_glass_houses, layout_loops_ring, hex_tiny
D:2:      layout_loops_corners, basic_altar
D:3:      layout_rooms, mainiacjoe_overflow_small_starburst,
          gammafunk_ghost_arena, minmay_shallow_snake_nest, uniq_jessica,
          uniq_terence
D:4:      layout_gridville, minmay_temple_entry_mist, uniq_ijyb
D:5:      minmay_inner_zag, layout_loops_ring, vehumet_altar_wand_db,
          gammafunk_ghost_cemetery, nicolae_shop_sticking_my_neck_out
D:6:      layout_gridville, nicolae_sif_muna_little_library,
          chequers_serial_rivers_marsh
D:7:      layout_cave_pools, nemelex_dance_club_becter,
          mainiacjoe_overflow_catch_the_wave

Skill      XL: |  1  2  3  4  5  6  7  8  9 |
---------------+----------------------------+-----
Unarmed Combat | 3 4 5 6 |  6.0
Shapeshifting  | 3 4 7 8 9 |  9.3
Throwing       | 2 |  2.2
Evocations     | 1 3 |  3.5
Fighting       | |  1.0
Dodging        | |  1.7

Action                     |  1- 3 |  4- 6 |  7- 9 || total
---------------------------+-------+-------+-------++-------
  Melee: Unarmed           |   100 |   150 |   159 ||   409
         Punch             |     4 |     2 |     6 ||    12
         Kick              |       |    41 |    49 ||    90
  Evoke: Wand              |       |       |     5 ||     5
    Use: Potion            |       |     5 |     6 ||    11
         Scroll            |       |     1 |    10 ||    11
   Stab: Sleeping          |     1 |     1 |       ||     2
         Paralysed         |       |     2 |    10 ||    12
 Armour: Animal skin       |    32 |    13 |       ||    45
         Scale mail        |       |   103 |   126 ||   229
         Skin              |       |    13 |   101 ||   114
  Dodge: Dodged            |    47 |    47 |    59 ||   153

Table legend: (Time is in decaauts)
 A = Elapsed time spent in this place.
 B = Non-inter-level travel time spent in this place.
 C = Inter-level travel time spent in this place.
 D = Time resting spent in this place.
 E = Time spent auto-exploring this place.
 F = Levels seen in this place.
 G = Mean time per level.
                   A        B        C        D        E       F      G
               +--------+--------+--------+--------+--------+-----+--------+
         Total |   6355 |   5913 |    442 |    899 |   3875 |   7 |  907.9 |
       Dungeon |   6355 |   5913 |    442 |    899 |   3875 |   7 |  907.9 |
               +--------+--------+--------+--------+--------+-----+--------+

Top non-repeatable levels by time:
     D:5: 1459 daAuts
     D:6: 1178 daAuts
     D:2: 1049 daAuts
     D:4: 995 daAuts
     D:3: 808 daAuts
     D:1: 785 daAuts
     D:7: 79 daAuts
